 Dungeon Crawl Stone Soup version 0.28.0-43-g3370ac3207 (webtiles) character file.

Game seed: 11390077068040406549

13823 issech the Basher (level 11, -32/98 HPs)
             Began as a Troll Monk on Apr 1, 2022.
             Was a High Priest of Hepliaklqana.
             Annihilated by an orc knight
             ... wielding a +0 great sword
              (36 damage)
             ... on level 10 of the Dungeon.
             The game lasted 00:43:25 (10352 turns).

issech the Basher (Troll Monk)                     Turns: 10352, Time: 00:43:26

Health: -32/98     AC:  8    Str: 25    XL:     11   Next: 80%
Magic:  10/10      EV: 16    Int:  6    God:    Hepliaklqana [*****.]
Gold:   518        SH:  0    Dex: 26    Spells: 10/10 levels left

rFire   + . .      SeeInvis .   S - +8 trident "Undertaker" {flame, rCorr Str+4 Dex+4}
rCold   . . .      Faith    .   E - orb {guile}
rNeg    + . .      Spirit   .   Q - +2 robe {rF+}
rPois   .          Reflect  .   (helmet restricted)
rElec   .          Harm     .   N - +1 cloak
rCorr   +          Rampage  .   (gloves unavailable)
Will    .....                   (boots unavailable)
Stlth   +++.......              (no amulet)
HPRegen 1.06/turn               n - +6 ring of dexterity
MPRegen 0.12/turn               u - ring of positive energy

@: mighty
A: reduced essence, large, unfitting armour, claws 3, regeneration 1, shaggy fur
1, tough skin 1
a: Renounce Religion, Recall Ancestor, Ancestor Identity, Transference, Idealise


You were on level 10 of the Dungeon.
You worshipped Hepliaklqana.
Hepliaklqana was extremely pleased with you.
You visited 2 branches of the dungeon, and saw 11 of its levels.

You collected 518 gold pieces.

Inventory:

Hand Weapons
 k - a +1 shortbow of freezing
 l - a +2 flail of protection
 A - the +6 dagger of the Maze {elec, rF+ rC+ Str+2 Dex+2}
   (You found it on level 3 of the Dungeon)

   It occasionally discharges a powerful burst of electricity upon striking a
   foe.
   Str:       It affects your strength (+2).
   Dex:       It affects your dexterity (+2).
   rF:        It protects you from fire.
   rC:        It protects you from cold.
 R - a +0 giant spiked club of chaos
 S - the +8 trident "Undertaker" (weapon) {flame, rCorr Str+4 Dex+4}
   (You found it on level 7 of the Dungeon)

   It burns those it strikes, dealing additional fire damage.
   Str:       It affects your strength (+4).
   Dex:       It affects your dexterity (+4).
   rCorr:     It protects you from acid and corrosion.
 V - a +0 morningstar
 W - a +0 giant spiked club of flaming
 Y - a +4 trident of freezing
Missiles
 a - 14 boomerangs of dispersal
 i - 139 arrows
 j - 349 stones (quivered)
 m - 119 sling bullets
 o - 22 poisoned darts
 r - a curare-tipped dart
 F - 63 bolts
 G - 5 atropa-tipped darts
 J - 2 boomerangs
 O - a throwing net
Armour
 w - +0 steam dragon scales
 D - a +2 animal skin
 E - an orb of guile (worn)
 N - a +1 cloak (worn)
 Q - a +2 robe of fire resistance (worn)
Jewellery
 e - a ring of wizardry
 n - a +6 ring of dexterity (left claw)
 u - a ring of positive energy (right claw)
 y - an amulet of faith
Wands
 t - a wand of mindburst (8)
 v - a wand of flame (16)
 T - a wand of paralysis (9)
Scrolls
 b - 3 scrolls of fear
 d - 4 scrolls of fog
 f - 2 scrolls of summoning
 p - a scroll of amnesia
 B - 2 scrolls of enchant weapon
 M - a scroll of identify
 P - a scroll of silence
 X - a scroll of brand weapon
 Z - a scroll of teleportation
Potions
 c - 5 potions of heal wounds {unknown}
 g - a potion of resistance
 h - 6 potions of curing {unknown}
 q - a potion of invisibility
 C - 2 potions of brilliance {unknown}
 H - a potion of lignification {unknown}
 K - a potion of ambrosia {unknown}
 L - a potion of cancellation {unknown}
 U - a potion of magic {unknown}


   Skills:
 + Level 7.5 Fighting
 + Level 10.0 Maces & Flails
 + Level 6.7 Polearms
 + Level 2.9 Throwing
 + Level 7.3 Dodging
 + Level 4.4 Stealth


You had 10 spell levels left.
You didn't know any spells.
Your spell library contained the following spells:

 Spells                   Type           Power      Damage    Failure   Level
 Beastly Appendage        Tmut           0%         N/A       45%         1
 Magic Dart               Conj           0%         1d3       45%         1
 Sandblast                Erth           0%         2d4       45%         1
 Slow                     Hex            0%         N/A       45%         1
 Summon Small Mammal      Summ           0%         N/A       45%         1
 Call Imp                 Summ           0%         N/A       58%         2
 Corpse Rot               Necr/Air       0%         N/A       58%         2
 Ensorcelled Hibernation  Hex/Ice        0%         N/A       58%         2
 Passwall                 Tmut/Erth      0%         N/A       58%         2
 Wereblood                Tmut           0%         N/A       58%         2
 Call Canine Familiar     Summ           0%         N/A       83%         3
 Mephitic Cloud           Conj/Pois/Air  0%         N/A       83%         3
 Spider Form              Tmut/Pois      0%         N/A       83%         3
 Stone Arrow              Conj/Erth      0%         3d7       83%         3
 Summon Guardian Golem    Hex/Summ       0%         N/A       83%         3
 Swiftness                Air            0%         N/A       83%         3
 Airstrike                Air            0%         N/A       99%         4
 Dispel Undead            Necr           0%         3d6       99%         4
 Summon Lightning Spire   Summ/Air       0%         N/A       99%         4
 Lightning Bolt           Conj/Air       0%         1d11      100%        5
 Conjure Ball Lightning   Conj/Air       0%         3x3d6     100%        6
 Death Channel            Necr           0%         N/A       100%        6
 Iron Shot                Conj/Erth      0%         9d1       100%        6
 Maxwell's Capacitive Co  Air            0%         ∞         100%        8


Dungeon Overview and Level Annotations

Branches:
Dungeon (10/15)            Temple (1/1) D:4
   Lair: D:8-11         Orc: D:9-12

Altars:
Ashenzari
Cheibriados
Dithmenos
Elyvilon
Fedhas
Gozag
Hepliaklqana
Kikubaaqudgha
Makhleb
Nemelex Xobeh
Okawaru
Qazlal
Ru
Sif Muna
Trog
Uskayaw
Vehumet
Wu Jian
Xom
Yredelemnul
Zin
The Shining One

Shops:
D:3 (   D:4 !

Annotations:
D:10 2 runed translucent doors


Innate Abilities, Weirdness & Mutations

Your life essence is reduced to manifest your ancestor. (-10% HP)
You are too large for most types of armour.
You have claws for hands.
Your natural rate of healing is unusually fast.
You are covered in fur. (AC +1)
You have tough skin. (AC +1)


Message History

Libusa points at the wyvern and mumbles some strange words.
The stone arrow hits the orc knight.
You hit the orc knight but do no damage.
The orc knight is moderately wounded.
The orc knight hits you with a +0 great sword!!
* * * LOW HITPOINT WARNING * * *
You impale the orc knight!! You burn the orc knight.
The orc knight is severely wounded.
The wyvern hisses menacingly.
The orc knight hits you with a +0 great sword!
* * * LOW HITPOINT WARNING * * *
You swap places.
The orc knight hits Libusa with a +0 great sword!!
Libusa hits the orc knight with a +0 quarterstaff!
Reach: S) +8 trident "Undertaker" {flame, rCorr Str+4 Dex+4}
Press: ? - help, Dir - move target, f - orc knight
Aim: an orc knight, wielding a +0 great sword and wearing a +0 chain mail (almost dead, about 27% to evade the +8 trident "Undertaker")
You reach to attack!
You closely miss the orc knight.
The orc knight is almost dead.
The orc knight hits Libusa with a +0 great sword!!
Libusa is destroyed!
The vampire gestures wildly while chanting.
The vampire flickers and vanishes!
Reach: S) +8 trident "Undertaker" {flame, rCorr Str+4 Dex+4}
Press: ? - help, Dir - move target, f/p - orc knight
Aim: an orc knight, wielding a +0 great sword and wearing a +0 chain mail (almost dead, about 27% to evade the +8 trident "Undertaker")
You reach to attack!
You closely miss the orc knight.
The orc knight is almost dead.
The orc knight hits you with a +0 great sword!
* * * LOW HITPOINT WARNING * * *
You barely miss the orc knight.
The orc knight is severely wounded.
You completely miss the orc knight.
The orc knight is severely wounded.
The orc knight hits you with a +0 great sword!
* * * LOW HITPOINT WARNING * * *
You closely miss the orc knight.
The orc knight is severely wounded.
The orc knight hits you with a +0 great sword!!!
You die...

####..{z###........#..#
...+..V.###........#..#
##oW..###........#..#
#########l###..#.##.##..# ##).###
#.###..#.........
###.....#####.##..####.#####
###..#####..####.#..## #.# #
###..###†..#....##l#.#.# #.#####
##..##R.#.#.#...@oy##..####......
..##.R###.#.#....####..#.........
##..##R[#.###..######.##.......#.
..##.R###....####..##.##..##.#.##
##..##R)#..####.##.##...........#
.###.R#######..[.#.##.##..##.#..#
...###R.###......#.##.##........#
.#...###.....##....##.###........
#......####.)....#.##.# #####.###


You could see an orc knight, a wyvern and a vampire mosquito.

Vanquished Creatures
  Harold (D:7)
  A yaktaur captain (D:10)
  A rakshasa (D:10)
  Joseph (D:7)
  A gargoyle (D:10)
  A komodo dragon (D:10)
  A troll (D:10)
  A hornet (D:9)
  The ghost of dcgrp the Magician, an amateur DsWz (D:5)
  Sigmund (D:4)
  7 yaks
  A wyvern (D:7)
  Grum (D:8)
  2 wraiths (D:10)
  Eustachio (D:4)
  Edmund (D:6)
  A water moccasin (D:7)
  An orc warrior (D:9)
  2 ice beasts
  A black bear (D:4)
  3 necrophages
  2 ogres
  2 centaurs
  A kobold brigand (D:9)
  A bullfrog (D:8)
  A scorpion (D:4)
  3 killer bees (D:7)
  A crimson imp (D:9)
  A bullfrog zombie (D:5)
  2 jellies
  3 orc priests
  2 centaur skeletons
  An iguana (D:4)
  3 orc wizards
  A killer bee zombie (D:7)
  A howler monkey zombie (D:5)
  6 gnolls
  9 adders
  A river rat (D:4)
  2 shadow imps
  2 worms
  2 dart slugs
  26 orcs
  3 ball pythons
  6 bats
  9 endoplasms
  6 giant cockroaches
  12 goblins
  11 hobgoblins
  4 jackals
  18 kobolds
  3 quokkas
  A frilled lizard (D:2)
  6 rats
183 creatures vanquished.

Vanquished Creatures (collateral kills)
  A two-headed ogre (D:7)
  A wizard (D:9)
  Pikel (D:7)
  An ugly thing (D:10)
  2 centaur zombies (D:10)
  A kobold demonologist (D:9)
  A troll (D:7)
  A shadow (D:10)
  The ghost of issech the Cudgeller, an amateur TrMo (D:4)
  5 yaks (D:8)
  A vampire (D:6)
  A wraith (D:10)
  A steam dragon (D:9)
  Duvessa (D:4)
  An ice beast (D:7)
  2 orc warriors (D:9)
  A sky beast (D:8)
  A black bear (D:5)
  2 ogres
  3 wolves (D:8)
  2 centaurs
  A kobold brigand (D:8)
  A bullfrog (D:6)
  A gnoll sergeant (D:9)
  A water moccasin zombie (D:4)
  Dowan (D:4)
  7 killer bees
  A howler monkey (D:8)
  A hound (D:5)
  An orc priest (D:8)
  2 orc wizards (D:6)
  2 iguanas
  Natasha (thrice) (D:4)
  2 hound skeletons
  2 gnolls (D:9)
  3 adders
  2 river rats (D:4)
  A dart slug (D:5)
  26 orcs
  A giant cockroach (D:4)
  4 goblins (D:4)
  2 hobgoblins (D:4)
  2 jackals (D:4)
  15 kobolds
  A quokka (D:4)
  2 rats (D:4)
116 creatures vanquished.

Vanquished Creatures (others)
  6 battlemagi
  A hobgoblin (D:3)
  A fungus (D:1)
  4 plants
12 creatures vanquished.

Grand Total: 311 creatures vanquished

Notes
Turn   | Place    | Note
-------+----------+-------------------------------------------
     0 | D:1      | issech the Troll Monk began the quest for the Orb.
     0 | D:1      | Reached XP level 1. HP: 22/22 MP: 0/0
   133 | D:1      | Reached XP level 2. HP: 29/29 MP: 1/1
   143 | D:1      | Found a faded altar of an unknown god.
   148 | D:1      | Got Plato's Guide on Glamour
   299 | D:1      | Reached skill level 3 in Maces & Flails
   879 | D:2      | Reached XP level 3. HP: 28/36 MP: 2/2
  1214 | D:2      | Reached XP level 4. HP: 32/45 MP: 3/3
  1492 | D:2      | Got Sif Muna's Tome of Dusty Air
  1925 | D:3      | Reached skill level 4 in Maces & Flails
  2038 | D:3      | Reached XP level 5. HP: 53/53 MP: 4/4
  2057 | D:3      | You fall into a shaft and drop 2 floors!
  2057 | D:5      | Entered Level 5 of the Dungeon
  2080 | D:5      | Found a runed translucent gate.
  2083 | D:5      | Noticed an ogre
  2090 | D:5      | Found a runed translucent gate.
  2090 | D:5      | Found a runed translucent gate.
  2090 | D:5      | Noticed dcgrp's ghost (amateur DsWz)
  2090 | D:5      | Noticed a necrophage
  2098 | D:5      | Killed an ogre
  2170 | D:3      | Reached XP level 6. HP: 23/56 MP: 5/5
  2357 | D:3      | Identified the +6 dagger of the Maze {elec, rF+ rC+ Str+2
                  | Dex+2}
  2701 | D:3      | Found Ocranuk's Weapon Emporium.
  3068 | D:4      | Found a runed translucent door.
  3074 | D:4      | Noticed issech's ghost (amateur TrMo)
  3128 | D:4      | Noticed Sigmund
  3145 | D:4      | Reached skill level 5 in Maces & Flails
  3195 | D:4      | Killed Sigmund
  3196 | D:4      | Reached XP level 7. HP: 11/67 MP: 6/6
  3252 | D:4      | Noticed Eustachio
  3254 | D:4      | Found a staircase to the Ecumenical Temple.
  3270 | Temple   | Entered the Ecumenical Temple
  3486 | Temple   | Became a worshipper of Hepliaklqana the Forgotten
  3486 | Temple   | Reached * piety under Hepliaklqana
  3486 | Temple   | Reached ** piety under Hepliaklqana
  3487 | Temple   | Remembered your ancestor Libusa as a battlemage
  3510 | D:4      | Found Siucsul's Distillery.
  3519 | D:4      | Killed Eustachio
  3520 | D:4      | Reached skill level 6 in Maces & Flails
  3544 | D:4      | Noticed Duvessa
  3556 | D:4      | Killed Duvessa
  3556 | D:4      | Noticed Dowan
  3568 | D:4      | Killed Dowan
  3688 | D:4      | Noticed Natasha
  3694 | D:4      | Killed Natasha
  3695 | D:4      | Reached XP level 8. HP: 66/70 MP: 7/7
  3967 | D:4      | Reached skill level 7 in Maces & Flails
  4002 | D:4      | Noticed Natasha
  4004 | D:4      | Killed Natasha
  4221 | D:4      | Noticed Natasha
  4228 | D:4      | Killed Natasha
  4307 | D:4      | Killed issech's ghost
  4308 | D:4      | Reached skill level 1 in Throwing
  4443 | D:5      | Found a sacrificial altar of Ru.
  4445 | D:5      | Found a stormy altar of Qazlal.
  4464 | D:5      | Found an opulent altar of Gozag.
  4498 | D:5      | Found a blossoming altar of Fedhas.
  4889 | D:4      | Reached XP level 9. HP: 76/76 MP: 8/8
  4898 | D:5      | Killed dcgrp's ghost
  4899 | D:5      | Reached skill level 8 in Maces & Flails
  5015 | D:6      | Noticed Edmund
  5029 | D:6      | Killed Edmund
  5030 | D:6      | Reached skill level 5 in Dodging
  5110 | D:6      | Reached skill level 5 in Fighting
  5409 | D:6      | Reached *** piety under Hepliaklqana
  5924 | D:7      | Noticed Harold
  5956 | D:7      | Killed Harold
  5957 | D:7      | Reached skill level 9 in Maces & Flails
  6007 | D:7      | Noticed Pikel
  6022 | D:7      | Killed Pikel
  6025 | D:7      | Noticed a two-headed ogre
  6118 | D:7      | Killed a two-headed ogre
  6119 | D:7      | Reached XP level 10. HP: 60/88 MP: 9/9
  6187 | D:7      | Identified the +8 trident "Undertaker" {flame, rCorr Str+4
                  | Dex+4}
  6261 | D:7      | Noticed Joseph
  6270 | D:7      | Paralysed by Joseph for 2 turns
  6274 | D:7      | Killed Joseph
  6434 | D:7      | Reached skill level 10 in Maces & Flails
  6434 | D:7      | Reached skill level 1 in Polearms
  7006 | D:7      | Found a bloodstained altar of Trog.
  7214 | D:8      | Noticed Grum
  7225 | D:8      | Killed Grum
  7319 | D:8      | Reached **** piety under Hepliaklqana
  7786 | D:8      | Found a broken altar of Ashenzari.
  8055 | D:8      | Found a white marble altar of Elyvilon.
  8214 | D:8      | Found a basalt altar of Yredelemnul.
  8315 | D:9      | Reached XP level 11. HP: 58/96 MP: 10/10
  8892 | D:9      | Noticed a wizard
  8898 | D:9      | Killed a wizard
  9087 | D:9      | Reached skill level 5 in Polearms
  9438 | D:10     | Entered Level 10 of the Dungeon
  9496 | D:10     | Reached ***** piety under Hepliaklqana
  9868 | D:10     | Noticed a rakshasa
  9897 | D:10     | Killed a rakshasa
  9988 | D:10     | Found a runed translucent door.
  9988 | D:10     | Noticed an orc knight
  9990 | D:10     | Found a runed translucent door.
  9990 | D:10     | Noticed a yaktaur captain
  9991 | D:10     | Found a runed translucent door.
 10004 | D:10     | Noticed a purple ugly thing
 10012 | D:10     | Killed a purple ugly thing
 10336 | D:10     | Killed a yaktaur captain
 10351 | D:10     | HP: 3/98 [orc knight/+0 great sword (14)]
 10352 | D:10     | Annihilated by an orc knight

Illustrated notes

Levels and vault maps discovered:
D:1:      psy_arrival_radial01, layout_loops_ring,
          shapermc_ecumenical_altar_rom_forum
D:2:      minmay_evil_eye, layout_loops_ring, minmay_misc_feat_enclosed,
          minmay_heptomino_d4
D:3:      layout_basic, serial_shops, shop, minmay_quadrilaterals
D:4:      kennysheep_goblin_castle, layout_rooms, minmay_temple_entry_trees,
          serial_rivers, chequers_serial_rivers_small_b,
          chequers_serial_rivers_large_a, chequers_serial_rivers_micro_c,
          chequers_serial_rivers_small_a, chequers_serial_rivers_large_b,
          chequers_serial_rivers_micro_d, lightli_sewer_entry_pipes,
          serial_shops, nicolae_shop_competitors_out_of_business,
          ebering_ghost_reflecting_pool, uniq_sigmund, uniq_robin, uniq_natasha,
          uniq_duvessa, uniq_eustachio
D:5:      layout_cave_pools, grunt_temple_overflow_forces_of_nature,
          lemuel_crystal_altar, mainiacjoe_overflow_boulevard,
          gammafunk_ghost_split, nicolae_ossuary_entry_monument
D:6:      layout_basic, hangedman_decor_push, chequers_serial_rivers_micro_d,
          uniq_edmund
D:7:      layout_loops_corners, mainiacjoe_overflow_six_doors_small,
          chequers_serial_rivers_small_b, chequers_serial_rivers_micro_b,
          minmay_unpleasant_kobolds, uniq_pikel, uniq_joseph, uniq_harold
D:8:      layout_basic, kennysheep_ying_yang,
          mainiacjoe_overflow_surrounded_room, uniq_grum
D:9:      layout_long_grid, special_room [special_room_orc],
          lightli_wizard_tower
D:10:     minmay_the_grid_triangle_9x9_rhombus_full
          [minmay_the_grid_triangle_9x9_stretched_checkered,
          minmay_the_grid_triangle_9x9_sparse_checkered,
          minmay_the_grid_triangle_9x9_dagger,
          minmay_the_grid_triangle_9x9_intruding_spiral,
          minmay_the_grid_triangle_9x9_fully_insulated_deathbox,
          minmay_the_grid_triangle_9x9_corrupted_corridor,
          minmay_the_grid_triangle_9x9_shrine,
          minmay_the_grid_triangle_9x9_prize_insulated], layout_loops_cross
Temple:   eino_temple_water

Skill      XL: |  1  2  3  4  5  6  7  8  9 10 11 |
---------------+----------------------------------+-----
Maces & Flails | 3 4 5 6 7 9 10 | 10.0
Fighting       | 3 4 6 7 |  7.5
Dodging        | 3 4 5 6 7 |  7.3
Stealth        | 2 3 4 |  4.4
Throwing       | 2 |  2.9
Polearms       | 4 6 |  6.7

Action                   |  1- 3 |  4- 6 |  7- 9 | 10-12 || total
-------------------------+-------+-------+-------+-------++-------
Melee: Mace              |   100 |       |       |       ||   100
       Flail             |     3 |   157 |   198 |       ||   358
       Punch             |     1 |     2 |       |       ||     3
       Trident           |       |       |       |   238 ||   238
Throw: Stone             |    10 |    11 |    29 |    18 ||    68
Invok: Ancestor Life: Ba |       |       |     1 |       ||     1
  Use: Scroll            |       |     3 |     7 |     8 ||    18
       Potion            |       |       |       |     1 ||     1
 Stab: Sleeping          |     3 |     6 |     5 |     9 ||    23
       Distracted        |       |       |       |     4 ||     4
Armor: Robe              |    25 |   105 |    94 |    78 ||   302
Dodge: Dodged            |    48 |   145 |   161 |   201 ||   555
